 Dungeon Crawl Stone Soup version 0.31-a0-236-g9a0961fb85 (webtiles) character file.

Game seed: 978275807239472954

108 qw the Shooter (level 4, -4/26 HPs)
             Began as a Gargoyle Hexslinger on July 10, 2023.
             Killed by divine providence
             ... invoked by an orc priest
              (9 damage)
             ... on level 3 of the Dungeon.
             The game lasted 00:00:32 (1360 turns).

qw the Shooter (Gargoyle Hexslinger)                Turns: 1360, Time: 00:00:33

Health: -4/26      AC:  8    Str: 12    XL:     4   Next: 87%
Magic:  5/5        EV: 11    Int: 13    God:
Gold:   10         SH:  0    Dex: 14    Spells: 4/5 levels left

rFire   . . .        Y - +3 sling
rCold   . . .        (no shield)
rNeg    + . .        h - +0 leather armour
rPois   inf          g - +1 helmet
rElec   +            (no cloak)
rCorr   .            (no gloves)
SInv    .            (no boots)
Will    .....        i - amulet of regeneration
Stlth   +            (no ring)
HPRegen 1.04/turn    (no ring)
MPRegen 0.09/turn

%: no passive effects
@: no status effects
A: sickness immunity, AC +3, negative energy resistance 1, electricity
resistance, torment resistance 1, petrification resistance, deterioration 1
a: no special abilities


You were on level 3 of the Dungeon.
You visited 1 branch of the dungeon, and saw 3 of its levels.

You collected 74 gold pieces.
You spent 64 gold pieces at shops.


Innate Abilities, Weirdness & Mutations

You are immune to sickness and miasma.
Your stone body is resilient. (AC +3)
You are immune to poison.
You resist negative energy. (rN+)
You are resistant to electric shocks. (rElec)
You are resistant to unholy torment.
You are immune to petrification.
Your body sometimes deteriorates upon taking damage.


   Skills:
 - Level 2.2 Fighting
 + Level 4.5 Ranged Weapons
 - Level 1.5 Dodging
 - Level 1.0 Spellcasting
 - Level 2.6 Hexes


You had 4 spell levels left.
You knew the following spells:

 Your Spells              Type           Power      Damage    Failure   Level
a - Slow                  Hex            28%        N/A       12%         1

Your spell library contained the following spells:

 Spells                   Type           Power      Damage    Failure   Level
 Inner Flame              Hex/Fire       4%         N/A       52%         3
 Portal Projectile        Hex/Tloc       8%         N/A       52%         3
 Cause Fear               Hex            3%         N/A       75%         4

Inventory:

Hand Weapons
 Y - a +3 sling (weapon)
Armour
 g - a +1 helmet (worn)
 h - a +0 leather armour (worn)
Jewellery
 i - an amulet of regeneration (around neck)
Scrolls
 b - a scroll of identify
 c - a scroll of teleportation {unknown}
Potions
 a - 3 potions of mutation
 d - 2 potions of curing
 e - a potion of might
 f - a potion of enlightenment {unknown}

Dungeon Overview and Level Annotations

Branches:
Dungeon (3/15)

Altars:

Shops:
D:2 **:!


Message History

The sling bullet closely misses the orc.
The sling bullet hits the orc.
The orc is almost dead.
The orc hits you but does no damage.
The orc priest calls upon Beogh to heal the orc.
The orc's wounds heal themselves!
The orc hits you with a +0 whip.
You shoot a sling bullet. The sling bullet hits the orc.
You kill the orc!
The orc priest invokes the aid of Beogh against you.
Beogh smites you!
You shoot a sling bullet.
The sling bullet hits the orc priest but does no damage.
The orc priest misses you.
The orc priest hits you with a +0 dagger.
You shoot a sling bullet.
The sling bullet hits the orc priest but does no damage.
The orc priest barely misses you.
You shoot a sling bullet. The sling bullet hits the orc priest.
The orc priest is lightly wounded.
The orc priest barely misses you.
You shoot a sling bullet.
The sling bullet hits the orc priest but does no damage.
The orc priest is lightly wounded.
The orc priest closely misses you.
You shoot a sling bullet.
The sling bullet closely misses the orc priest.
The sling bullet hits the orc.
You kill the orc!
The orc priest calls down the wrath of Beogh upon you.
You barely resist.
The orc priest hits you with a +0 dagger.
You shoot a sling bullet. The sling bullet hits the orc priest.
The orc priest is lightly wounded.
The orc priest hits you with a +0 dagger.
You shoot a sling bullet. The sling bullet hits the orc priest.
The orc priest is moderately wounded.
The orc priest barely misses you.
The orc priest calls down the wrath of Beogh upon you.
Beogh smites you!
You die...

#..##...####..########....##
#..#.#...##.)##########....#
#...##..<..................#
#..#.##....#################
#..##.#....######
#.............).#
##.#####.>.####.# ##.## #.#
...# #@# ##... #o#
.....o..o# ......o#..#
#.~..o~ #..# ..o #..# o.
#..# o #..# #..#


You could see 2 orc priests.

Vanquished Creatures
  An orc priest (D:3)
  3 adders
  A dart slug (D:3)
  6 orcs
  6 ball pythons
  2 endoplasms (D:2)
  A giant cockroach (D:1)
  A goblin (D:2)
  3 hobgoblins
  2 jackals (D:1)
  4 kobolds
  5 quokkas
  2 bats
  2 frilled lizards
  2 rats
41 creatures vanquished.

Notes
Turn   | Place    | Note
-------+----------+-------------------------------------------
     0 | D:1      | qw the Gargoyle Hexslinger began the quest for the Orb.
     0 | D:1      | Reached XP level 1. HP: 12/12 MP: 2/2
     0 | D:1      | 0 ||| qw: Version: 0.3-a-52-g30416fa
     0 | D:1      | 0 ||| qw: Game counter: 4888
     0 | D:1      | 0 ||| qw: Melee chars always use a shield: true
     0 | D:1      | 0 ||| qw: God list: Okawaru
     0 | D:1      | 0 ||| qw: Allow faded altars: false
     0 | D:1      | 0 ||| qw: Do Orc after clearing Dungeon:15 true
     0 | D:1      | 0 ||| qw: Do second Lair branch before Depths: true
     0 | D:1      | 0 ||| qw: Lair rune preference: random
     0 | D:1      | 0 ||| qw: Goals: Normal
     0 | D:1      | 0 ||| PLANNING D:1-11
   139 | D:1      | Reached XP level 2. HP: 16/16 MP: 3/3
   181 | D:1      | Reached skill level 3 in Ranged Weapons
   393 | D:1      | 393 ||| READING scroll labelled CIVYOBANTI.
   394 | D:1      | 394 ||| READING scroll labelled JOSAMEOFRE.
   395 | D:1      | 395 ||| READING scroll labelled NYRRIG RIMU.
   396 | D:1      | 396 ||| DROPPING scroll of poison.
   522 | D:2      | Reached XP level 3. HP: 21/21 MP: 4/4
   560 | D:2      | Found Yruf's Assorted Antiques.
   563 | D:2      | 563 ||| BUYING 2 viscous pink potions (43 gold).
   563 | D:2      | Bought 2 viscous pink potions for 43 gold pieces
   563 | D:2      | 563 ||| BUYING fuming yellow potion (21 gold).
   563 | D:2      | Bought a fuming yellow potion for 21 gold pieces
   563 | D:2      | 563 ||| SHOPLISTING pair of embroidered gloves (180 gold,
                  | have 6).
   563 | D:2      | 563 ||| SHOPLISTING ring mail (96 gold, have 6).
   563 | D:2      | 563 ||| SHOPLISTING runed tourmaline ring (120 gold, have
                  | 6).
   563 | D:2      | 563 ||| SHOPLISTING scroll of identify (48 gold, have 6).
   632 | D:2      | Found Gyw Jerr's General Store.
   636 | D:2      | Found a faded altar of an unknown god.
   640 | D:2      | 640 ||| SHOPLISTING potion of heal wounds (50 gold, have
                  | 6).
   640 | D:2      | 640 ||| SHOPLISTING wand of digging (8) (336 gold, have 6).
   646 | D:2      | 646 ||| READING scroll of enchant weapon.
   646 | D:2      | 646 ||| ENCHANTING +2 sling.
   888 | D:2      | Found Loraseko's Distillery.
   894 | D:2      | 894 ||| SHOPLISTING potion of cancellation (104 gold, have
                  | 10).
   894 | D:2      | 894 ||| SHOPLISTING potion of curing (39 gold, have 10).
   894 | D:2      | 894 ||| SHOPLISTING potion of enlightenment (65 gold, have
                  | 10).
   894 | D:2      | 894 ||| SHOPLISTING potion of mutation (104 gold, have 10).
   907 | D:2      | Found Reesykla's Book Emporium.
  1128 | D:2      | 1128 ||| UPGRADING to +1 helmet.
  1133 | D:2      | 1133 ||| UPGRADING to +0 leather armour.
  1143 | D:2      | 1143 ||| DROPPING +0 robe.
  1144 | D:2      | 1144 ||| UPGRADING to amulet of regeneration.
  1149 | D:2      | 1149 ||| DRINKING 4 fuming yellow potions.
  1149 | D:2      | Gained mutation: Your body sometimes deteriorates upon
                  | taking damage. [potion of mutation]
  1150 | D:2      | 1150 ||| DRINKING 3 viscous pink potions.
  1151 | D:2      | 1151 ||| READING 2 scrolls of identify.
  1151 | D:2      | 1151 ||| IDENTIFYING golden potion
  1206 | D:3      | Reached XP level 4. HP: 26/26 MP: 5/5
  1339 | D:3      | HP: 3/26 [orc priest/divine providence (11)]
  1342 | D:3      | 1342 ||| Stepping ~*~*~tactically~*~*~ (outnumbered).
  1347 | D:3      | Reached skill level 4 in Ranged Weapons
  1353 | D:3      | HP: 3/26 [orc priest/divine providence (12)]
  1358 | D:3      | HP: 5/26 [orc priest/+0 dagger (3)]
  1360 | D:3      | Killed from afar by an orc priest

Levels and vault maps discovered:
D:1:      minmay_arrival_radiant_lines, layout_rooms
D:2:      layout_basic, ebering_ecumenical_altar_mist, serial_shops, shop,
          shop_fountains, shop, shop, minmay_misc_feat_iff
D:3:      cheibrodos_pilgrimage, layout_loops_ring, lemuel_round_altar,
          marbit_many_paths, gammafunk_ghost_grave, serial_shops,
          nicolae_shop_rolling_square

Skill      XL: |  1  2  3  4 |
---------------+-------------+-----
Ranged Weapons | 3 4 |  4.5
Fighting       | 2 |  2.2
Dodging        | |  1.5
Spellcasting   | |  1.0
Hexes          | |  2.6

Action                     |  1- 3 |  4- 6 || total
---------------------------+-------+-------++-------
   Fire: Sling             |    88 |    29 ||   117
    Use: Scroll            |     5 |       ||     5
         Potion            |     2 |       ||     2
 Armour: Robe              |     1 |       ||     1
         Leather armour    |       |     6 ||     6
  Dodge: Dodged            |    13 |    11 ||    24

Table legend:
 A = Non-vault XP
 B = Vault XP
 C = Vault XP percentage of total XP
 D = Non-vault monster count
 E = Vault monster count
 F = Vault count percentage of total count
                 A         B        C        D         E       F
            +---------+---------+-------+---------+---------+-------
      Total |     100 |      55 |  35.5 |      36 |       5 |  12.2
            +---------+---------+-------+---------+---------+-------
        D:1 |      26 |       0 |   0.0 |      15 |       0 |   0.0
        D:2 |      52 |       0 |   0.0 |      17 |       0 |   0.0
        D:3 |      22 |      55 |  71.4 |       4 |       5 |  55.6
            +---------+---------+-------+---------+---------+-------
